[Event "Niedersachsen-ch B 2024"]
[Site "Verden Aller"]
[Date "2024.01.06"]
[Round "5.6"]
[White "Junge, Julia Marie"]
[Black "Silber, Stefanie"]
[Result "0-1"]
[ECO "B12"]
[WhiteElo "1401"]
[BlackElo "1581"]
[Annotator "NA RC"]
[PlyCount "132"]
[EventDate "2024.01.01"]
[EventType "swiss"]
[EventCountry "GER"]
[SourceTitle "playchess.com"]
[Source "ChessBase"]
[SourceQuality "1"]
[TimeControl "40/5400+30:1800+30"]

1. e4 c6 2. d4 d5 3. Bd3 dxe4 4. Bxe4 Nf6 5. f3 e5 6. dxe5 Qxd1+ 7. Kxd1 Nxe4 8. fxe4 Bg4+ 9. Nf3 Nd7 10. Bf4 Nc5 11. Nbd2 O-O-O 12. Re1 Be7 13. Kc1 h6 14. h3 Bh5 15. Nc4 g5 16. Be3 b6 17. b3 Bg6 18. Nfd2 Kc7 19. Bf2 h5 20. a4 Kb7 21. b4 Ne6 22. a5 b5 23. a6+ Ka8 24. Na5 Bxb4 25. Rd1 Bxd2+ 26. Rxd2 Rxd2 27. Kxd2 Bxe4 28. g3 Rd8+ 29. Ke3 Bxc2 30. Nxc6 Rd3+ 31. Ke2 Rd7 32. Rc1 Bd3+ 33. Ke3 Bc4 34. Nb4 Nc5 35. Kf3 Ne6 36. Ke4 h4 37. gxh4 gxh4 38. Kf5 Rd8 39. Bxh4 Rd4 40. Bg5 Nxg5 41. Kxg5 Be6 42. Nc6 Ra4 43. h4 Rxa6 44. h5 Ra3 45. Nd8 Rg3+ 46. Kf6 Rh3 47. Nxe6 fxe6 48. Kxe6 Rxh5 49. Kd6 Kb7 50. e6 Rh2 51. Kd7 Rd2+ 52. Ke8 b4 53. e7 a5 54. Rf1 Kc6 55. Kf8 Re2 56. e8=Q+ Rxe8+ 57. Kxe8 Kb5 58. Kd7 b3 59. Kd6 a4 60. Kd5 Kb4 61. Kd4 a3 62. Kd3 a2 63. Rf4+ Ka3 64. Rf1 b2 65. Kc2 a1=Q 66. Rf3+ Ka2 0-1

[Event "Niedersachsen-ch B 2024"]
[Site "Verden Aller"]
[Date "2024.01.06"]
[Round "5.9"]
[White "Kewe, Stefan"]
[Black "Nguyen, Laurentius"]
[Result "1-0"]
[ECO "E62"]
[WhiteElo "1737"]
[BlackElo "1546"]
[Annotator "NA RC"]
[PlyCount "111"]
[EventDate "2024.01.01"]
[EventType "swiss"]
[EventCountry "GER"]
[SourceTitle "playchess.com"]
[Source "ChessBase"]
[SourceQuality "1"]
[TimeControl "40/5400+30:1800+30"]

1. d4 Nf6 2. Nf3 g6 3. g3 Bg7 4. Bg2 O-O 5. O-O d6 6. c4 Nc6 7. Nc3 e5 8. d5 Ne7 9. h3 Ne8 10. e4 f5 11. Be3 h6 12. Nh2 Nf6 13. Qd2 Kh7 14. Rac1 g5 15. f4 Nh5 16. fxg5 Nxg3 17. Rf3 f4 18. Bf2 Nh5 19. gxh6 Bxh6 20. Bh4 Rg8 21. Qf2 Ng3 22. Rc2 Bxh3 23. Bxg3 Bxg2 24. Kxg2 fxg3 25. Rf7+ Rg7 26. Rxg7+ Bxg7 27. Qxg3 Ng6 28. Nf3 Bh6 29. Kf1 Qf6 30. Rf2 Nf4 31. Nh4 Rg8 32. Qh2 Qg5 33. Nf5 Rg6 34. Rf3 Qf6 35. Ne2 Rg2 36. Qxh6+ Qxh6 37. Nxh6 Rxe2 38. Rxf4 exf4 39. Kxe2 Kxh6 40. Kf3 Kg5 41. b4 a6 42. a4 b6 43. a5 Kg6 44. Kxf4 Kf6 45. Ke3 Kg5 46. e5 bxa5 47. e6 Kf6 48. bxa5 Ke7 49. Ke4 Kf6 50. Kf4 Ke7 51. Kf5 Ke8 52. Kf6 Kf8 53. e7+ Ke8 54. Ke6 c5 55. dxc6 d5 56. c7 1-0

[Event "Niedersachsen-ch B 2024"]
[Site "Verden Aller"]
[Date "2024.01.06"]
[Round "5.10"]
[White "Berkenkamp, Matthis"]
[Black "Schumacher, Klaus"]
[Result "1-0"]
[ECO "D02"]
[WhiteElo "1425"]
[BlackElo "1724"]
[Annotator "NA RC"]
[PlyCount "91"]
[EventDate "2024.01.01"]
[EventType "swiss"]
[EventCountry "GER"]
[SourceTitle "playchess.com"]
[Source "ChessBase"]
[SourceQuality "1"]
[TimeControl "40/5400+30:1800+30"]

1. Nf3 c5 2. g3 d5 3. d4 cxd4 4. Bg2 Nc6 5. Nxd4 e5 6. Nxc6 bxc6 7. c4 Bb4+ 8. Nc3 d4 9. Qa4 Rb8 10. Bxc6+ Bd7 11. Bxd7+ Qxd7 12. Qxd7+ Kxd7 13. a3 Ba5 14. b4 dxc3 15. bxa5 Rc8 16. Be3 a6 17. O-O-O+ Ke6 18. c5 Nf6 19. Rd6+ Ke7 20. f3 Nd7 21. Rxa6 Nxc5 22. Ra7+ Kf6 23. Rd1 Rhe8 24. Bxc5 Rxc5 25. Rd6+ Re6 26. Rxe6+ Kxe6 27. Kc2 h5 28. a6 Ra5 29. Kxc3 Rxa3+ 30. Kd2 Kf6 31. Ra8 g6 32. a7 Ra1 33. Ke3 Ra4 34. h3 Ra2 35. Kd3 Ra4 36. Kc3 Ra1 37. h4 Ra2 38. Kc4 Ra1 39. Kd5 Ra2 40. Kd6 Ra1 41. Kd7 Ra2 42. Ke8 Ra1 43. Kf8 Ra2 44. Rb8 Rxa7 45. Rb6+ Kf5 46. e4# 1-0

[Event "Niedersachsen-ch B 2024"]
[Site "Verden Aller"]
[Date "2024.01.06"]
[Round "5.11"]
[White "Rademacher, Bengt"]
[Black "Sanchez Tapia, Luis G."]
[Result "1-0"]
[ECO "B48"]
[WhiteElo "1702"]
[BlackElo "1576"]
[Annotator "NA RC"]
[PlyCount "55"]
[EventDate "2024.01.01"]
[EventType "swiss"]
[EventCountry "GER"]
[SourceTitle "playchess.com"]
[Source "ChessBase"]
[SourceQuality "1"]
[TimeControl "40/5400+30:1800+30"]

1. e4 c5 2. Nf3 e6 3. d4 cxd4 4. Nxd4 Nc6 5. Nc3 Qc7 6. Be3 a6 7. Qd2 Nf6 8. f3 Be7 9. O-O-O h5 10. Kb1 h4 11. Rg1 b5 12. g4 hxg3 13. hxg3 b4 14. Na4 a5 15. Nb5 Qb8 16. Bb6 d5 17. Nc7+ Kf8 18. Nxa8 Qxa8 19. Bb5 dxe4 20. fxe4 Nxe4 21. Qf4 Nf6 22. Qc7 Bb7 23. Nc5 Nd5 24. Rxd5 exd5 25. Nxb7 Na7 26. Bxa7 Qxa7 27. Qc8+ Bd8 28. Qxd8# 1-0

[Event "Niedersachsen-ch B 2024"]
[Site "Verden Aller"]
[Date "2024.01.06"]
[Round "5.13"]
[White "Bangert, Jonas"]
[Black "Grabowski, Petra"]
[Result "1/2-1/2"]
[ECO "D37"]
[WhiteElo "1527"]
[BlackElo "1600"]
[Annotator "NA RC"]
[PlyCount "76"]
[EventDate "2024.01.01"]
[EventType "swiss"]
[EventCountry "GER"]
[SourceTitle "playchess.com"]
[Source "ChessBase"]
[SourceQuality "1"]
[TimeControl "40/5400+30:1800+30"]

1. d4 Nf6 2. Nf3 e6 3. c4 d5 4. Nc3 Be7 5. Bf4 a6 6. cxd5 exd5 7. e3 Bf5 8. Bd3 Bxd3 9. Qxd3 O-O 10. O-O Re8 11. Rfc1 Bd6 12. Bxd6 Qxd6 13. Na4 Ne4 14. Qc2 Re7 15. Qb3 b5 16. Nc5 Nd7 17. Nxd7 Rxd7 18. Ne5 Rdd8 19. Rc6 Qe7 20. Qc2 Ra7 21. Rc1 f6 22. Nd3 Rc8 23. Qb3 Qd7 24. Nf4 Rd8 25. Ne6 Rc8 26. Nf4 Rd8 27. Qc2 Rc8 28. f3 Nd6 29. Qc5 Nc4 30. Nxd5 Rd8 31. Rxc7 Rxc7 32. Nxc7 Nxe3 33. Nxa6 Qxd4 34. Nb4 Nc4+ 35. Qxd4 Rxd4 36. Nc6 Rd6 37. Ne7+ Kf7 38. Nf5 Rd5 1/2-1/2

[Event "Niedersachsen-ch B 2024"]
[Site "Verden Aller"]
[Date "2024.01.06"]
[Round "5.14"]
[White "Leppert, Hans-Juergen"]
[Black "Eitel, Luc"]
[Result "1-0"]
[ECO "A35"]
[WhiteElo "1683"]
[BlackElo "1535"]
[Annotator "NA RC"]
[PlyCount "121"]
[EventDate "2024.01.01"]
[EventType "swiss"]
[EventCountry "GER"]
[SourceTitle "playchess.com"]
[Source "ChessBase"]
[SourceQuality "1"]
[TimeControl "40/5400+30:1800+30"]

1. c4 c5 2. Nc3 Nc6 3. Nf3 g6 4. d4 cxd4 5. Nxd4 Bg7 6. e3 Nf6 7. Be2 O-O 8. O-O d6 9. b3 Nd7 10. Bb2 Nc5 11. Qd2 Ne6 12. Nxc6 bxc6 13. Rad1 Bb7 14. f4 Qb6 15. Na4 Qc7 16. Bxg7 Nxg7 17. Bf3 Rad8 18. Qc3 Ne6 19. g3 c5 20. Bd5 Ng7 21. Qd2 Ne8 22. Nc3 Nf6 23. Bxb7 Qxb7 24. Qd3 Rd7 25. e4 Rfd8 26. Rfe1 e6 27. Qe3 Ng4 28. Qf3 Nf6 29. h3 d5 30. exd5 exd5 31. cxd5 Qb6 32. Kg2 Qa6 33. Rd2 c4 34. b4 Qa3 35. b5 Nxd5 36. Rxd5 Rxd5 37. Nxd5 Qxf3+ 38. Kxf3 Rxd5 39. a4 Rd3+ 40. Re3 Rb3 41. Ke2 Rb4 42. Ra3 c3 43. Kd3 Kf8 44. Kxc3 Re4 45. Kd2 Kg7 46. Kd3 Rb4 47. Kc3 Re4 48. Kb3 Kf6 49. a5 Re6 50. Kb4 Ke7 51. Rd3 Rd6 52. Rxd6 Kxd6 53. Kc4 h6 54. Kd4 f6 55. g4 h5 56. gxh5 gxh5 57. h4 Ke6 58. b6 axb6 59. a6 Kf5 60. a7 Kxf4 61. a8=Q 1-0

[Event "Niedersachsen-ch B 2024"]
[Site "Verden Aller"]
[Date "2024.01.06"]
[Round "5.16"]
[White "Schlaetker, Christine"]
[Black "Fels, Mattis"]
[Result "0-1"]
[ECO "B24"]
[WhiteElo "1745"]
[BlackElo "1572"]
[Annotator "NA RC"]
[PlyCount "116"]
[EventDate "2024.01.01"]
[EventType "swiss"]
[EventCountry "GER"]
[SourceTitle "playchess.com"]
[Source "ChessBase"]
[SourceQuality "1"]
[TimeControl "40/5400+30:1800+30"]

1. e4 c5 2. Nc3 e6 3. g3 Nc6 4. Bg2 Qc7 5. d3 a6 6. Be3 b5 7. Qd2 Bb7 8. f4 Nf6 9. h3 Be7 10. Nf3 O-O 11. O-O d5 12. exd5 exd5 13. Bf2 Rfe8 14. Rfe1 Bf8 15. Nh4 Qd7 16. g4 Ne7 17. Bxc5 d4 18. Ne4 Nxe4 19. dxe4 Nc6 20. Bxf8 Kxf8 21. c3 Rad8 22. Rad1 Re7 23. Nf5 Re6 24. cxd4 g6 25. Ng3 Nxd4 26. Qf2 Rc6 27. Ne2 Nxe2+ 28. Qxe2 Qc7 29. Rxd8+ Qxd8 30. Rd1 Qb6+ 31. Kh2 Qc7 32. Qd2 Rc2 33. Qb4+ Kg8 34. Kg3 Qb6 35. Qd4 Qxd4 36. Rxd4 Rxb2 37. Rd7 Bc6 38. Rc7 Be8 39. Rc8 Kf8 40. e5 Ke7 41. Rc7+ Kd8 42. Ra7 Rxa2 43. Bb7 b4 44. Rxa6 Rxa6 45. Bxa6 b3 46. Bd3 Kc7 47. Kf2 Kb6 48. Ke3 Kc5 49. Kd2 Kb4 50. f5 Bd7 51. h4 Ka3 52. h5 gxh5 53. gxh5 h6 54. f6 Be6 55. Kc1 b2+ 56. Kd2 Ka2 57. Ke3 b1=Q 58. Bxb1+ Kxb1 0-1

[Event "Niedersachsen-ch B 2024"]
[Site "Verden Aller"]
[Date "2024.01.06"]
[Round "5.17"]
[White "Frowein, Ernst Holger"]
[Black "Balazs, Kata"]
[Result "0-1"]
[ECO "B01"]
[WhiteElo "1755"]
[BlackElo "1723"]
[Annotator "NA RC"]
[PlyCount "82"]
[EventDate "2024.01.01"]
[EventType "swiss"]
[EventCountry "GER"]
[SourceTitle "playchess.com"]
[Source "ChessBase"]
[SourceQuality "1"]
[TimeControl "40/5400+30:1800+30"]

1. e4 d5 2. exd5 Qxd5 3. Nc3 Qa5 4. d4 Nf6 5. Nf3 Bg4 6. Be2 Nc6 7. O-O O-O-O 8. Be3 e5 9. d5 Bxf3 10. Bxf3 Nb4 11. Bd2 Qb6 12. Na4 Qa6 13. c3 Nbxd5 14. Qb3 e4 15. Bd1 Bd6 16. c4 Nb6 17. Nxb6+ Qxb6 18. Qc3 Bc5 19. Be2 Rhe8 20. Be3 Bxe3 21. fxe3 Re7 22. Rad1 Red7 23. Rxd7 Rxd7 24. c5 Qe6 25. b4 Kd8 26. h3 Qxa2 27. Bc4 Qd2 28. Qb3 Ke8 29. b5 Nd5 30. c6 bxc6 31. bxc6 Rd8 32. Rf2 Qe1+ 33. Rf1 Qd2 34. Rf2 Qe1+ 35. Rf1 Qxe3+ 36. Kh1 Qxb3 37. Bxb3 f6 38. Bc2 Ne3 39. Rc1 Nxc2 40. Rxc2 f5 41. Kg1 f4 0-1

[Event "Niedersachsen-ch B 2024"]
[Site "Verden Aller"]
[Date "2024.01.06"]
[Round "5.19"]
[White "Direk, Oguzhan"]
[Black "Pfuhl, Lars"]
[Result "1-0"]
[ECO "D00"]
[WhiteElo "1657"]
[BlackElo "1530"]
[Annotator "NA RC"]
[PlyCount "41"]
[EventDate "2024.01.01"]
[EventType "swiss"]
[EventCountry "GER"]
[SourceTitle "playchess.com"]
[Source "ChessBase"]
[SourceQuality "1"]
[TimeControl "40/5400+30:1800+30"]

1. d4 d5 2. Nc3 Nf6 3. Bf4 c5 4. e3 Nc6 5. Nb5 e5 6. Bxe5 Nxe5 7. dxe5 Qa5+ 8. c3 a6 9. exf6 axb5 10. Qxd5 Qb6 11. Qe5+ Qe6 12. Bxb5+ Bd7 13. Qxe6+ fxe6 14. Bxd7+ Kxd7 15. fxg7 Bxg7 16. Nf3 Ke7 17. Ke2 Rhd8 18. a3 Rd7 19. Rad1 Rad8 20. Rxd7+ Rxd7 21. Rd1 1-0

[Event "Niedersachsen-ch B 2024"]
[Site "Verden Aller"]
[Date "2024.01.06"]
[Round "5.20"]
[White "ter Stal, Esther"]
[Black "Krueger, Moritz"]
[Result "1-0"]
[ECO "C07"]
[WhiteElo "1486"]
[BlackElo "1607"]
[Annotator "NA RC"]
[PlyCount "66"]
[EventDate "2024.01.01"]
[EventType "swiss"]
[EventCountry "GER"]
[SourceTitle "playchess.com"]
[Source "ChessBase"]
[SourceQuality "1"]
[TimeControl "40/5400+30:1800+30"]

1. d4 Nf6 2. Nf3 d5 3. e3 e6 4. Bd3 c5 5. c3 Nc6 6. O-O a6 7. Nbd2 Bd6 8. dxc5 Bxc5 9. e4 b5 10. Qe2 Bb7 11. e5 Nd7 12. Nb3 Bb6 13. Bf4 Rc8 14. Nbd4 Nc5 15. Bc2 Qd7 16. Ng5 h6 17. Qh5 Nxd4 18. Nxf7 Ne2+ 19. Qxe2 Qxf7 20. Qg4 g5 21. Be3 Nd7 22. Bxb6 Nxb6 23. f4 Qe7 24. f5 h5 25. Qg3 h4 26. Qg4 Rc4 27. Qe2 Qc5+ 28. Kh1 d4 29. fxe6 h3 30. Bg6+ Kd8 31. Be4 Bxe4 32. Qxe4 Qd5 33. Qxd5+ Nxd5 1-0

[Event "Niedersachsen-ch B 2024"]
[Site "Verden Aller"]
[Date "2024.01.06"]
[Round "5.21"]
[White "Ristedt, Mathis"]
[Black "Golke, Philipp"]
[Result "0-1"]
[ECO "D36"]
[WhiteElo "1601"]
[BlackElo "1490"]
[Annotator "NA RC"]
[PlyCount "68"]
[EventDate "2024.01.01"]
[EventType "swiss"]
[EventCountry "GER"]
[SourceTitle "playchess.com"]
[Source "ChessBase"]
[SourceQuality "1"]
[TimeControl "40/5400+30:1800+30"]

1. d4 e6 2. c4 d5 3. Nc3 Nf6 4. Bg5 Be7 5. e3 O-O 6. Nf3 c6 7. Qc2 Nbd7 8. Bd3 h6 9. Bh4 b6 10. cxd5 exd5 11. Rc1 Bb7 12. O-O Rc8 13. h3 Ne8 14. Bxe7 Qxe7 15. Rfe1 Nc7 16. Bf5 g6 17. Bxd7 Qxd7 18. Ne5 Qd6 19. Ne2 c5 20. Qa4 a6 21. Qd7 Qe6 22. Qxe6 Nxe6 23. Nd7 Rfd8 24. Nxb6 Rc6 25. Na4 cxd4 26. Nxd4 Nxd4 27. exd4 Rdc8 28. Nc5 R8c7 29. Re8+ Kg7 30. Rce1 Bc8 31. R8e7 Kf6 32. Rxc7 Rxc7 33. Re5 Rxc5 34. dxc5 Kxe5 0-1

[Event "Niedersachsen-ch B 2024"]
[Site "Verden Aller"]
[Date "2024.01.06"]
[Round "5.22"]
[White "Knorr, Frank"]
[Black "Homann, Christoph"]
[Result "0-1"]
[ECO "C00"]
[WhiteElo "1411"]
[BlackElo "1597"]
[Annotator "NA RC"]
[PlyCount "98"]
[EventDate "2024.01.01"]
[EventType "swiss"]
[EventCountry "GER"]
[SourceTitle "playchess.com"]
[Source "ChessBase"]
[SourceQuality "1"]
[TimeControl "40/5400+30:1800+30"]

1. c4 e6 2. e4 d5 3. cxd5 exd5 4. exd5 Qxd5 5. Nc3 Qa5 6. Nf3 Nf6 7. Bc4 Be7 8. O-O O-O 9. Re1 Nc6 10. d4 Bd6 11. d5 Ne7 12. Bg5 Bg4 13. Bxf6 gxf6 14. a3 Be5 15. Qd3 Bf5 16. Ne4 Bxb2 17. Rab1 Qxa3 18. Qxa3 Bxa3 19. Rxb7 Bxe4 20. Rxe4 Bd6 21. Re1 a5 22. Ra1 a4 23. Rb2 a3 24. Rba2 Ra5 25. Nd2 Nxd5 26. Bxd5 Rxd5 27. Ne4 Be5 28. Rc1 Rfd8 29. g3 Rd1+ 30. Rxd1 Rxd1+ 31. Kg2 Bb2 32. Nc5 Ra1 33. Rxa1 Bxa1 34. Nb3 Bb2 35. Kf3 a2 36. Ke3 a1=Q 37. Nxa1 Bxa1 38. Ke4 Be5 39. f4 Bd6 40. h4 h5 41. Kd5 Kg7 42. Kd4 Kg6 43. Ke4 f5+ 44. Kd4 Kf6 45. Kd5 Ke7 46. Kd4 Ke6 47. Kc4 c5 48. Kc3 Kd5 49. Kd3 Bc7 0-1

[Event "Niedersachsen-ch B 2024"]
[Site "Verden Aller"]
[Date "2024.01.06"]
[Round "5.23"]
[White "Weist, Hartmut"]
[Black "Lieb, Max"]
[Result "1/2-1/2"]
[ECO "D02"]
[WhiteElo "1581"]
[BlackElo "1365"]
[Annotator "NA RC"]
[PlyCount "82"]
[EventDate "2024.01.01"]
[EventType "swiss"]
[EventCountry "GER"]
[SourceTitle "playchess.com"]
[Source "ChessBase"]
[SourceQuality "1"]
[TimeControl "40/5400+30:1800+30"]

1. Nf3 d5 2. d4 Nf6 3. Bf4 c5 4. dxc5 Nc6 5. Nc3 e6 6. e3 Bxc5 7. Nb5 O-O 8. c3 a6 9. Nbd4 Bd7 10. Bd3 Rc8 11. Qc2 Bxd4 12. exd4 Nb4 13. Qd2 Nxd3+ 14. Qxd3 Bb5 15. Qc2 Ne4 16. Nd2 Nd6 17. a4 Be8 18. O-O b5 19. Bxd6 Qxd6 20. axb5 axb5 21. Nb3 b4 22. Nc5 bxc3 23. bxc3 Bd7 24. Ra6 Bc6 25. Rb1 Ra8 26. Rba1 Rxa6 27. Rxa6 Ra8 28. Qa2 Qb8 29. Rxa8 Qxa8 30. Qxa8+ Bxa8 31. f4 Kf8 32. Kf2 Ke7 33. Ke3 Kd6 34. g4 f6 35. Nd3 Bc6 36. h4 Bb5 37. Nf2 Bd7 38. Nd3 Be8 39. Nf2 h6 40. Nd3 Bf7 41. Nb2 e5 1/2-1/2

[Event "Niedersachsen-ch B 2024"]
[Site "Verden Aller"]
[Date "2024.01.06"]
[Round "5.24"]
[White "Zweck, Gerhard"]
[Black "Nordhorn, Horst"]
[Result "0-1"]
[ECO "B02"]
[WhiteElo "1414"]
[BlackElo "1696"]
[Annotator "NA RC"]
[PlyCount "86"]
[EventDate "2024.01.01"]
[EventType "swiss"]
[EventCountry "GER"]
[SourceTitle "playchess.com"]
[Source "ChessBase"]
[SourceQuality "1"]
[TimeControl "40/5400+30:1800+30"]

1. e4 Nf6 2. e5 Nd5 3. c4 Nb6 4. Nc3 c5 5. Nf3 Nc6 6. b3 g6 7. Ba3 d6 8. exd6 exd6 9. Bb2 Bg7 10. Be2 O-O 11. O-O d5 12. cxd5 Nxd5 13. Na4 Bxb2 14. Nxb2 Qf6 15. Qc1 Nd4 16. Nxd4 Qxd4 17. Bf3 Be6 18. Na4 Rac8 19. Bxd5 Bxd5 20. Qc3 b5 21. Qxd4 cxd4 22. Nb2 Rc2 23. Nd3 Rxd2 24. Nb4 Bb7 25. Rfd1 Rxd1+ 26. Rxd1 Rd8 27. Nc2 d3 28. Na3 a6 29. Rd2 g5 30. f3 f5 31. Kf2 f4 32. h3 Bc8 33. Nb1 Bf5 34. Nc3 h5 35. Ne4 Bxe4 36. fxe4 g4 37. hxg4 hxg4 38. Ke1 Rd4 39. Kd1 g3 40. Kc1 b4 41. Rd1 d2+ 42. Rxd2 Rxd2 43. Kxd2 f3 0-1

[Event "Niedersachsen-ch B 2024"]
[Site "Verden Aller"]
[Date "2024.01.06"]
[Round "5.25"]
[White "Frese, Immo"]
[Black "Middelberg, Simon"]
[Result "1-0"]
[ECO "D02"]
[WhiteElo "1642"]
[BlackElo "1401"]
[Annotator "NA RC"]
[PlyCount "55"]
[EventDate "2024.01.01"]
[EventType "swiss"]
[EventCountry "GER"]
[SourceTitle "playchess.com"]
[Source "ChessBase"]
[SourceQuality "1"]
[TimeControl "40/5400+30:1800+30"]

1. Nf3 d5 2. g3 Nf6 3. d4 Bf5 4. Bg2 c6 5. O-O e6 6. Nbd2 Bd6 7. c4 Nbd7 8. b3 Qc7 9. Bb2 O-O-O 10. Ng5 Bg6 11. e4 dxe4 12. Ndxe4 Nxe4 13. Nxe4 Bxe4 14. Bxe4 Nf6 15. Bg2 h5 16. Rc1 h4 17. Qf3 Rh6 18. d5 c5 19. dxe6 fxe6 20. Rfe1 Nh5 21. Rxe6 Rxe6 22. Bh3 Qd7 23. Qxh5 hxg3 24. hxg3 Rde8 25. Bxe6 Rxe6 26. Qd5 Rh6 27. Qg8+ Kc7 28. Qxg7 1-0

[Event "Niedersachsen-ch B 2024"]
[Site "Verden Aller"]
[Date "2024.01.06"]
[Round "5.27"]
[White "Fize, Aleksandrs"]
[Black "Pfeifer, Frank"]
[Result "0-1"]
[ECO "A45"]
[WhiteElo "1307"]
[BlackElo "1529"]
[Annotator "NA RC"]
[PlyCount "82"]
[EventDate "2024.01.01"]
[EventType "swiss"]
[EventCountry "GER"]
[SourceTitle "playchess.com"]
[Source "ChessBase"]
[SourceQuality "1"]
[TimeControl "40/5400+30:1800+30"]

1. d4 Nf6 2. Nc3 d6 3. Bf4 g6 4. f3 Bg7 5. Qd2 Nbd7 6. O-O-O c5 7. d5 a6 8. e4 b5 9. g4 b4 10. Nb1 Nb6 11. h4 Nfd7 12. Bh6 Bd4 13. Be3 Bxe3 14. Qxe3 Ne5 15. h5 Nbc4 16. Bxc4 Nxc4 17. Qe2 Ne5 18. hxg6 Nxg6 19. Nh3 Qa5 20. a3 Bd7 21. Ng5 Bb5 22. Qd2 Ne5 23. Rdf1 Bxf1 24. Rxf1 Qb5 25. Rf2 h6 26. Nh3 Rb8 27. b3 a5 28. a4 Qa6 29. Nf4 c4 30. Qd4 cxb3 31. cxb3 Rc8+ 32. Kb2 Kd7 33. Qe3 Rc7 34. Qd4 Rhc8 35. Qe3 Qa7 36. Qxa7 Rxa7 37. Ka2 Rac7 38. Kb2 Rc1 39. Ka2 R1c2+ 40. Rxc2 Rxc2+ 41. Ka1 Nxf3 0-1

[Event "Niedersachsen-ch B 2024"]
[Site "Verden Aller"]
[Date "2024.01.06"]
[Round "5.29"]
[White "Grunwald, Hannes Leon"]
[Black "Schoenfelder, Dennis Yoel"]
[Result "0-1"]
[ECO "B12"]
[WhiteElo "1517"]
[BlackElo "1370"]
[Annotator "NA RC"]
[PlyCount "64"]
[EventDate "2024.01.01"]
[EventType "swiss"]
[EventCountry "GER"]
[SourceTitle "playchess.com"]
[Source "ChessBase"]
[SourceQuality "1"]
[TimeControl "40/5400+30:1800+30"]

1. e4 c6 2. d4 d5 3. e5 c5 4. Nf3 Nc6 5. c3 Bg4 6. Be2 cxd4 7. cxd4 e6 8. O-O Nge7 9. Nc3 Nf5 10. Be3 Be7 11. h3 Bxf3 12. Bxf3 O-O 13. Ne2 f6 14. Nf4 Qd7 15. exf6 Bxf6 16. Ne2 Rac8 17. Qd2 b6 18. Rac1 Na5 19. b3 Nb7 20. Rxc8 Rxc8 21. Rc1 Nbd6 22. a4 g6 23. g4 Ne7 24. Nc3 Nc6 25. Be2 Na5 26. Qc2 Qg7 27. b4 Nc6 28. Qb3 Nxd4 29. Bxd4 Bxd4 30. Na2 Rf8 31. Rf1 Qe5 32. Bd1 Ne4 0-1

[Event "Niedersachsen-ch B 2024"]
[Site "Verden Aller"]
[Date "2024.01.06"]
[Round "5.31"]
[White "Rose, Simeon"]
[Black "Wildner, Jens Martin"]
[Result "1-0"]
[ECO "B12"]
[WhiteElo "1368"]
[BlackElo "1634"]
[Annotator "NA RC"]
[PlyCount "89"]
[EventDate "2024.01.01"]
[EventType "swiss"]
[EventCountry "GER"]
[SourceTitle "playchess.com"]
[Source "ChessBase"]
[SourceQuality "1"]
[TimeControl "40/5400+30:1800+30"]

1. e4 c6 2. d4 d5 3. e5 Bf5 4. Bd3 Bxd3 5. Qxd3 e6 6. f4 Ne7 7. Nf3 Nf5 8. g4 Ne7 9. Be3 Qb6 10. Nbd2 Na6 11. Ke2 c5 12. dxc5 Nxc5 13. Qc3 Nc6 14. a4 Qb4 15. Qxb4 Nxb4 16. Nd4 a6 17. c3 Nc6 18. Nxc6 bxc6 19. b4 Nd7 20. Nb3 Be7 21. Rhf1 O-O 22. Nd4 c5 23. Nc6 Rfe8 24. Nxe7+ Rxe7 25. b5 c4 26. b6 f6 27. Rab1 fxe5 28. b7 Rb8 29. Ba7 Ree8 30. Bxb8 Rxb8 31. f5 Nc5 32. fxe6 Nxe6 33. Rf5 e4 34. Kd2 Nc5 35. Rxd5 Nb3+ 36. Ke3 Rxb7 37. Rf1 Rb8 38. Kxe4 Re8+ 39. Kf3 Rf8+ 40. Kg2 Rxf1 41. Kxf1 Kf7 42. Rd7+ Kf8 43. Rc7 Nd2+ 44. Ke2 Ne4 45. Rxc4 1-0

[Event "Niedersachsen-ch B 2024"]
[Site "Verden Aller"]
[Date "2024.01.06"]
[Round "5.32"]
[White "Rinke, Alexander"]
[Black "Heckl, Philipp"]
[Result "1/2-1/2"]
[ECO "B30"]
[WhiteElo "1296"]
[BlackElo "1580"]
[Annotator "NA RC"]
[PlyCount "92"]
[EventDate "2024.01.01"]
[EventType "swiss"]
[EventCountry "GER"]
[SourceTitle "playchess.com"]
[Source "ChessBase"]
[SourceQuality "1"]
[TimeControl "40/5400+30:1800+30"]

1. e4 c5 2. Nf3 Nc6 3. Bb5 a6 4. Bxc6 dxc6 5. O-O Bg4 6. d3 e6 7. Be3 Nf6 8. Nbd2 Be7 9. Qe2 h6 10. c3 O-O 11. d4 cxd4 12. cxd4 Bh5 13. Bf4 c5 14. Be3 cxd4 15. Bxd4 Rc8 16. Qe3 Qa5 17. Nb3 Qb5 18. Rac1 Nd7 19. Rc3 Bxf3 20. Qxf3 e5 21. Rfc1 Rxc3 22. Bxc3 Bg5 23. Rd1 Nb8 24. Rd5 Qa4 25. Ra5 Qc4 26. Rxe5 Nc6 27. Rd5 Re8 28. Nc5 Qxa2 29. Nxb7 Qb1+ 30. Qd1 Qxd1+ 31. Rxd1 Rxe4 32. Nc5 Rc4 33. Nxa6 Ne7 34. Nb4 h5 35. g3 h4 36. Rd4 Rc8 37. Rg4 Bc1 38. Rxg7+ Kf8 39. Rh7 Ng6 40. gxh4 Rc5 41. h5 Nf4 42. Rg7 Ne2+ 43. Kf1 Nxc3 44. h6 Bxb2 45. Nd3 Rh5 46. Nxb2 Rxh2 1/2-1/2

[Event "Niedersachsen-ch B 2024"]
[Site "Verden Aller"]
[Date "2024.01.06"]
[Round "5.36"]
[White "Tenninger, Joerg"]
[Black "Schiel, Lucas"]
[Result "0-1"]
[ECO "A32"]
[WhiteElo "1508"]
[BlackElo "1312"]
[Annotator "NA RC"]
[PlyCount "52"]
[EventDate "2024.01.01"]
[EventType "swiss"]
[EventCountry "GER"]
[SourceTitle "playchess.com"]
[Source "ChessBase"]
[SourceQuality "1"]
[TimeControl "40/5400+30:1800+30"]

1. d4 Nf6 2. c4 c5 3. Nf3 e6 4. a3 cxd4 5. Nxd4 Nc6 6. Nf3 a5 7. Nc3 Be7 8. Bf4 d6 9. Qd3 Qb6 10. Na4 Qd8 11. Rd1 e5 12. Be3 e4 13. Qb3 exf3 14. exf3 Be6 15. Qxb7 Rb8 16. Qxc6+ Bd7 17. Qa6 Bxa4 18. Rd2 Qc7 19. Qa7 Qxa7 20. Bxa7 Rb7 21. Bd4 O-O 22. Bc3 Nd7 23. Bxa5 Bg5 24. Re2 Nc5 25. Rd2 Re8+ 26. Be2 Bxd2+ 0-1

[Event "Niedersachsen-ch B 2024"]
[Site "Verden Aller"]
[Date "2024.01.06"]
[Round "5.37"]
[White "Steven, Matthias"]
[Black "Oblender, Rudi"]
[Result "1/2-1/2"]
[ECO "C72"]
[WhiteElo "1284"]
[BlackElo "1511"]
[Annotator "NA RC"]
[PlyCount "62"]
[EventDate "2024.01.01"]
[EventType "swiss"]
[EventCountry "GER"]
[SourceTitle "playchess.com"]
[Source "ChessBase"]
[SourceQuality "1"]
[TimeControl "40/5400+30:1800+30"]

1. e4 e5 2. Nf3 Nc6 3. Bb5 d6 4. O-O Bg4 5. c3 a6 6. Ba4 b5 7. Bc2 Nf6 8. h3 Bh5 9. d3 h6 10. Be3 g5 11. g4 Bg6 12. Nbd2 Be7 13. a4 Kf8 14. Nh2 h5 15. Bxg5 hxg4 16. Bxf6 Bxf6 17. hxg4 Bg5 18. Kg2 Bf4 19. Nhf3 Qd7 20. Rg1 Qxg4+ 21. Kf1 Qh3+ 22. Ke2 Bxd2 23. Qxd2 b4 24. Rg3 Qe6 25. c4 Bh5 26. Rag1 Bxf3+ 27. Kxf3 Nd4+ 28. Kg2 Nxc2 29. Qxc2 Ke7 30. Qd2 Rag8 31. Kf3 Qf6+ 1/2-1/2